 Dungeon Crawl Stone Soup version 0.30.1-3-gfc49f6343a (webtiles) character file.

Game seed: 3755908774030880156

70 Atelerd the Digger (level 4, -1/27 HPs)
             Began as an Octopode Earth Elementalist on Aug 2, 2023.
             Slain by a gnoll
             ... wielding a +0 spear
              (6 damage)
             ... on level 2 of the Dungeon.
             The game lasted 00:01:34 (1690 turns).

Atelerd the Digger (Octopode Earth Elementalist)    Turns: 1690, Time: 00:01:35

Health: -1/27      AC:  1    Str:  7    XL:     4   Next: 21%
Magic:  3/7        EV: 13    Int: 19    God:
Gold:   106        SH:  0    Dex: 12    Spells: 7/8 levels left

rFire   . . .        f - +0 dagger
rCold   . . .        (no shield)
rNeg    . . .        (helmet restricted)
rPois   .            (no amulet)
rElec   .            (no ring)
rCorr   .            (no ring)
SInv    .            (no ring)
Will    .....        (no ring)
Stlth   +++          (no ring)
HPRegen 0.24/turn    (no ring)
MPRegen 0.10/turn    (no ring)
                     (no ring)

%: no passive effects
@: no status effects
A: almost no armour, amphibious, 8 rings, camouflage 1, gelatinous body 1,
(nimble swimmer 1), tentacles
a: no special abilities


You were on level 2 of the Dungeon.
You visited 1 branch of the dungeon, and saw 2 of its levels.

You collected 106 gold pieces.

Inventory:

Hand Weapons
 f - a +0 dagger (weapon)
Jewellery
 d - a +6 ring of intelligence
Scrolls
 b - a scroll of amnesia {unknown}
 h - a scroll of enchant weapon {unknown}
Potions
 a - a potion of magic
 c - 3 potions of curing {unknown}
 e - a potion of invisibility {unknown}
 g - a potion of heal wounds {unknown}


   Skills:
 - Level 2.0 Dodging
 - Level 2.6 Stealth
 + Level 2.5 Spellcasting
 * Level 2.8 Transmutations
 * Level 3.6 Earth Magic


You had 7 spell levels left.
You knew the following spells:

 Your Spells              Type           Power      Damage    Failure   Level
a - Sandblast             Erth           32%        2d9       3%          1

Your spell library contained the following spells:

 Spells                   Type           Power      Damage    Failure   Level
 Passwall                 Tmut/Erth      11%        N/A       6%          2
 Apportation              Tloc           4%         N/A       16%         1
 Freeze                   Ice            8%         1d3       16%         1
 Shock                    Conj/Air       8%         1d3       16%         1
 Stone Arrow              Conj/Erth      18%        3d8       22%         3
 Petrify                  Tmut/Erth      14%        N/A       38%         4
 Frozen Ramparts          Ice            4%         1d1       43%         3
 Hailstorm                Conj/Ice       2%         3d3       43%         3
 Swiftness                Air            2%         N/A       43%         3
 Airstrike                Air            1%         2d(1-17)  85%         4
 Alistair's Intoxication  Tmut/Pois      4%         N/A       94%         5


Dungeon Overview and Level Annotations

Branches:
Dungeon (2/15)

Altars:

Shops:
D:1 [


Innate Abilities, Weirdness & Mutations

You cannot wear most types of armour.
You are amphibious.
You can wear up to eight rings at the same time.
Your skin changes colour to match your surroundings (Stealth+).
Your rubbery body absorbs attacks. (AC +1, EV +1)
((You are camouflaged when in or above water. (Stealth+)))
You have tentacles for arms and can constrict up to eight enemies at once.


Message History

The gnoll shouts!
You hear a shout! x2
A gnoll comes into view. It is wielding a +0 club.
There are monsters nearby!
The gnoll hits you with a +0 club!
The blast of sand hits the gnoll.
The gnoll is heavily wounded.
The gnoll barely misses you.
A gnoll comes into view. It is wielding a +0 spear.
The gnoll barely misses you.
There are monsters nearby!
You closely miss the gnoll. Your grab misses the gnoll.
The gnoll is heavily wounded.
The gnoll closely misses you.
The blast of sand hits the gnoll!
You kill the gnoll!
The gnoll hits you from afar with a +0 spear.
There are monsters nearby!
You barely miss the gnoll. Your grab misses the gnoll.
The gnoll barely misses you. x2
The blast of sand hits the gnoll!
The gnoll is almost dead.
The gnoll closely misses you. The gnoll misses you.
The gnoll hits you with a +0 club!
The gnoll hits you from afar with a +0 spear.
* * * LOW HITPOINT WARNING * * *
You are too injured to fight recklessly!
There are monsters nearby!
You are too injured to fight recklessly!
You are too injured to fight recklessly!
There are monsters nearby!
Okay, then.
Casting: Sandblast (safe; 3% risk of failure)
Confirm with . or Enter, or press ? or * to list all spells.
Aiming: Sandblast (safe; 3% risk of failure)
Press: ? - help, Shift-Dir - straight line, f/p - gnoll
Aim: a gnoll, wielding a +0 club (almost dead, 84% to hit)
The blast of sand hits the gnoll!
You kill the gnoll!
The gnoll hits you from afar with a +0 spear.
You die...

...########...##⌠#
.........##...####
.#######.#8...8# .
#....##...##..
#.#.#........# ####
#.#.#..#.#.#.# ..#
#.#.#....#....
#)###.#.#.##.#.###
#@#...#.#.# .# #
#.#...#...# .# #
...#.#g#...######.#
#
#........#........#
#
##.###.#.#.########
# ...#.### ........
....####... ....
#####


You could see a gnoll.

Vanquished Creatures
  2 gnolls (D:2)
  An adder (D:2)
  A worm (D:2)
  A dart slug (D:2)
  8 ball pythons
  2 bats
  4 endoplasms (D:1)
  A giant cockroach (D:2)
  4 goblins
  4 hobgoblins
  3 jackals (D:1)
  3 kobolds (D:1)
  A quokka (D:1)
  3 frilled lizards
  4 rats
42 creatures vanquished.

Notes
Turn   | Place    | Note
-------+----------+-------------------------------------------
     0 | D:1      | Atelerd the Octopode Earth Elementalist began the quest for
                  | the Orb.
     0 | D:1      | Reached XP level 1. HP: 11/11 MP: 3/3
    94 | D:1      | Reached XP level 2. HP: 17/17 MP: 1/5
   568 | D:1      | Reached XP level 3. HP: 21/21 MP: 2/6
   613 | D:1      | Found Riuryt's Armour Emporium.
  1235 | D:2      | Found a faded altar of an unknown god.
  1514 | D:2      | Reached XP level 4. HP: 27/27 MP: 4/7
  1690 | D:2      | Slain by a gnoll

Illustrated notes

Levels and vault maps discovered:
D:1:      psy_arrival_statuary, layout_basic, serial_shops, shop_fountains,
          dk_noncrumbling_2
D:2:      kennysheep_big_flooded_room, layout_basic, serial_corexii_hall,
          chequers_hall_statues_corner_a, chequers_hall_statues_corner_a,
          corexii_hall_statues_s, corexii_hall_statues_i,
          shapermc_ecumenical_altar_mp_urbaneastern

Skill      XL: |  1  2 |
---------------+-------+-----
Transmutations | 2 |  2.8
Dodging        | |  2.0
Stealth        | |  2.6
Spellcasting   | |  2.5
Earth Magic    | |  3.6

Action                     |  1- 3 |  4- 6 || total
---------------------------+-------+-------++-------
  Melee: Unarmed           |     6 |       ||     6
         Tentacles         |     2 |     1 ||     3
         Constrict         |     5 |       ||     5
         Dagger            |     8 |     3 ||    11
   Cast: Sandblast         |    50 |     7 ||    57
 Armour: Skin              |     3 |       ||     3
  Dodge: Dodged            |    17 |     9 ||    26
